 Dungeon Crawl Stone Soup version 0.29.0-11-gd7f09526c8 (webtiles) character file.

Game seed: 8337351816380087757

91 gelatine the Trooper (level 4, 0/55 HPs)
             Began as a Demonspawn Berserker on Sept 3, 2022.
             Was a Believer of Trog.
             Slain by an orc
             ... wielding a +0 flail
              (3 damage)
             ... on level 3 of the Dungeon.
             The game lasted 00:04:14 (2095 turns).

gelatine the Trooper (Demonspawn Berserker)         Turns: 2095, Time: 00:04:14

Health: 0/55       AC:  3    Str: 19    XL:     4   Next: 33%
Magic:  4/4        EV: 12    Int:  8    God:    Trog [**....]
Gold:   147        SH:  0    Dex: 13    Spells: 3/3 levels left

rFire   . . .      SeeInvis .   a - +0 hand axe
rCold   . . .      Faith    .   (no shield)
rNeg    . . .      Spirit   .   n - +0 leather armour
rPois   .          Reflect  .   (no helmet)
rElec   .          Harm     .   (no cloak)
rCorr   .          Rampage  .   (no gloves)
Will    ++...                   (no boots)
Stlth   ..........              (no amulet)
HPRegen 1.18/turn               (no ring)
MPRegen 0.09/turn               (no ring)

@: berserking, strong-willed, regenerating, very quick
A: weakness stinger 1
a: Renounce Religion, Berserk, Trog's Hand


You were on level 3 of the Dungeon.
You worshipped Trog.
Trog was pleased with you.
You visited 1 branch of the dungeon, and saw 3 of its levels.

You collected 147 gold pieces.

Inventory:

Hand Weapons
 a - a +0 hand axe (weapon)
Armour
 n - a +0 leather armour (worn)
Jewellery
 f - an amulet of magic regeneration
Scrolls
 b - a scroll of blinking {unknown}
 j - a scroll of fear {unknown}
 m - a scroll of vulnerability {unknown}
Potions
 c - 3 potions of brilliance {unknown}
 d - a potion of invisibility {unknown}
 e - a potion of flight {unknown}
 g - 2 potions of haste {unknown}
 h - a potion of degeneration {unknown}
 i - 2 potions of heal wounds {unknown}
 k - a potion of ambrosia {unknown}
 l - a potion of cancellation {unknown}
 o - a potion of might {unknown}


   Skills:
 * Level 3.7 Fighting
 * Level 3.5 Axes
 * Level 1.8 Armour
 * Level 2.6 Dodging
 + Level 0.7 Stealth


You had 3 spell levels left.
You didn't know any spells.
Your spell library was empty.

Dungeon Overview and Level Annotations

Branches:
Dungeon (3/15)

Altars:

Shops:
D:3 :


Innate Abilities, Weirdness & Mutations

You have a small tail.


Message History

An orc comes into view. It is wielding a +0 short sword.
The orc shouts! x2
You hit the endoplasm but do no damage. You tail-slap the endoplasm.
The endoplasm is lightly wounded.
The endoplasm freezes you.
You are frozen.
You slash the endoplasm!
You kill the endoplasm!
Trog accepts your kill.
You hit the orc. Your punch misses the orc.
The orc is almost dead.
The orc hits you from afar with a +0 trident.
The orc barely misses you.
You hit the orc but do no damage.
The orc hits you from afar with a +0 trident.
You hit the orc.
You kill the orc!
Trog accepts your kill.
You hit the orc but do no damage. The orc barely misses you.
The orc hits you from afar with a +0 trident!
The orc hits you with a +0 flail. The orc misses you.
Things that are here:
a +0 short sword; a +0 leather armour; an orc corpse You barely miss the orc.
You closely miss the orc. The orc hits you with a +0 flail.
The orc hits you with a +0 trident.
* * * LOW HITPOINT WARNING * * *
You closely miss the orc. You hit the orc. The orc closely misses you. x2
You hit the orc.
The orc is severely wounded.
You hit the orc. The orc hits you with a +0 flail!
* * * LOW HITPOINT WARNING * * *
The orc hits you but does no damage.
Your skin crawls.
You feel strong-willed. The orc barely misses you.
The orc hits you with a +0 trident.
* * * LOW HITPOINT WARNING * * *
A red film seems to cover your vision as you go berserk!
You feel yourself moving faster!
You feel mighty! The orc hits you with a +0 flail.
You die...

..#....# ... #
..<...###..# ..
#####........#. >..##
............... .....
.#......................
............)...........
.##.....................
###.o.................
###@###.............
#.o# ............. ##.#
#..........##
#.###.....##.....
#..#......##..###
#.............###
#............∩...
#.........###....
#..........##..##


You could see 2 orcs.

Vanquished Creatures
  An orc wizard (D:3)
  An adder (D:3)
  5 orcs (D:3)
  5 endoplasms
  3 giant cockroaches
  7 goblins
  2 hobgoblins
  2 jackals (D:1)
  3 kobolds
  A quokka (D:1)
  5 ball pythons
  4 bats (D:1)
  8 frilled lizards
  4 rats
51 creatures vanquished.

Vanquished Creatures (others)
  3 toadstools (D:1)
3 creatures vanquished.

Grand Total: 54 creatures vanquished

Notes
Turn   | Place    | Note
-------+----------+-------------------------------------------
     0 | D:1      | gelatine the Demonspawn Berserker began the quest for the
                  | Orb.
     0 | D:1      | Reached XP level 1. HP: 18/18 MP: 1/1
   261 | D:1      | Gained mutation: You have a small tail. [demonic ancestry]
   261 | D:1      | Reached XP level 2. HP: 24/24 MP: 2/2
  1064 | D:1      | Reached ** piety under Trog
  1065 | D:1      | Reached XP level 3. HP: 26/29 MP: 3/3
  1511 | D:2      | You fall into a shaft and drop 1 floor!
  1551 | D:3      | Reached XP level 4. HP: 13/36 MP: 4/4
  2040 | D:3      | Found Urrof's Book Emporium.
  2094 | D:3      | HP: 1/37 [orc/+0 trident (2)]
  2095 | D:3      | Slain by an orc

Illustrated notes

Levels and vault maps discovered:
D:1:      scummos_arrival_simple_fountains, layout_basic,
          minmay_gold_behind_fungi
D:2:      layout_basic, uniq_natasha
D:3:      layout_rooms, doesnt_xom_only_xom, zin_statuary, vehumet_statue,
          hellmonk_ecumenical_altar_run_dry, serial_shops, nicolae_square_shop,
          grunt_ministairs_13

Skill      XL: |  1  2 |
---------------+-------+-----
Dodging        | 2 |  2.6
Axes           | 3 |  3.5
Fighting       | |  3.7
Armour         | |  1.8
Stealth        | |  0.7

Action                   |  1- 3 |  4- 6 || total
-------------------------+-------+-------++-------
Melee: Hand axe          |   117 |    27 ||   144
       Tailslap          |     8 |     3 ||    11
       Punch             |     1 |       ||     1
Invok: Berserk           |     1 |     1 ||     2
       Trog's Hand       |     1 |     1 ||     2
 Stab: Sleeping          |     2 |       ||     2
Armor: Animal skin       |    19 |       ||    19
       Leather armour    |       |     6 ||     6
Dodge: Dodged            |    85 |    16 ||   101
